 Dungeon Crawl Stone Soup version 0.22.1-2-g9c5b331 (webtiles) character file.

126 whitewolfNL the Cudgeler (level 4, -2/40 HPs)
             Began as a Minotaur Berserker on Dec 4, 2018.
             Was a Believer of Trog.
             Slain by Grinder (6 damage)
             ... on level 3 of the Dungeon.
             The game lasted 00:05:19 (2367 turns).

whitewolfNL the Cudgeler (Minotaur Berserker)       Turns: 2367, Time: 00:05:20

Health: -2/40      AC:  5    Str: 22    XL:     4   Next: 83%
Magic:  3/3        EV: 12    Int:  5    God:    Trog [**....]
Gold:   78         SH:  0    Dex:  9    Spells: 3/3 levels left

rFire    . . .     SeeInvis .   q - +3 dagger
rCold    . . .     Gourm    .   (no shield)
rNeg     . . .     Faith    .   f - +0 ring mail
rPois    .         Spirit   .   (helmet restricted)
rElec    .         Reflect  .   (no cloak)
rCorr    .         Harm     .   (no gloves)
MR       .....                  (no boots)
Stlth    +.........             (no amulet)
HPRegen  0.13/turn              (no ring)
MPRegen  0.08/turn              (no ring)

@: berserk cooldown, slowed, very slow
A: retaliatory headbutt, horns 2
a: Berserk, Trog's Hand, Renounce Religion


You were on level 3 of the Dungeon.
You worshipped Trog.
Trog was pleased with you.
You were very hungry.

You visited 1 branch of the dungeon, and saw 3 of its levels.

You collected 78 gold pieces.

Inventory:

Hand Weapons
 a - a +0 mace
 m - a +0 hunting sling
 q - a +3 dagger (weapon)
Missiles
 e - 14 bolts
 h - 17 poisoned needles
 j - 25 arrows
 p - 6 needles of confusion
Armour
 f - a +0 ring mail (worn)
Scrolls
 d - a scroll of fear {unknown}
 g - a scroll of magic mapping {unknown}
 k - a scroll of random uselessness {unknown}
 n - 2 scrolls of remove curse {unknown}
 o - a scroll of identify {unknown}
Potions
 b - a potion of ambrosia {unknown}
 i - a potion of invisibility {unknown}
 r - a potion of curing {unknown}
Comestibles
 c - 7 rations
 l - a chunk of flesh


   Skills:
 + Level 4.1 Fighting
 * Level 5.2 Maces & Flails
 * Level 3.2 Armour
 * Level 3.2 Dodging
 * Level 1.0 Stealth


You had 3 spell levels left.
You didn't know any spells.
Your spell library was empty.

Dungeon Overview and Level Annotations

Branches:
Dungeon (3/15)

Altars:
Uskayaw

Annotations:
D:3 Grinder


Innate Abilities, Weirdness & Mutations

You reflexively headbutt those who attack you in melee.
You have a pair of horns on your head.


Message History

Grinder says, "You look like you could use a good racking."
Grinder hits you!
You writhe in agony.
You completely miss Grinder. You headbutt Grinder!
Grinder is heavily wounded.
Grinder barely misses you. Grinder misses you. You furiously retaliate!
You headbutt Grinder. You hit Grinder.
Grinder is severely wounded.
Grinder gestures at you.
You suddenly lose the ability to move!
Grinder gestures at you. Pain shoots through your body!
* * * LOW HITPOINT WARNING * * *
You can move again.
You completely miss Grinder. Your headbutt misses Grinder.
Grinder is severely wounded.
Grinder hits you.
* * * LOW HITPOINT WARNING * * *
You writhe in agony.
You die...

#.# #(#
########.# ###
.......#.###....
.......'........
.......#..##....
#...............
..#...5........
. #...@........
#............
#?...#+######
#.%..# #....#
......# ##.....#
....#....
...........


You could see Grinder.

Vanquished Creatures
  A hound (D:3)
  3 adders (D:2)
  2 oozes
  2 worms (D:2)
  4 leopard geckos
  A giant cockroach (D:2)
  5 goblins
  5 hobgoblins
  4 jackals (D:1)
  A quokka (D:2)
  5 bats
  5 kobolds
  19 rats
57 creatures vanquished.

Notes
Turn   | Place    | Note
-------+----------+-------------------------------------------
     0 | D:1      | whitewolfNL the Minotaur Berserker began the quest for the
                  | Orb.
     0 | D:1      | Reached XP level 1. HP: 19/19 MP: 0/0
    22 | D:1      | Reached XP level 2. HP: 23/27 MP: 1/1
    23 | D:1      | Reached skill level 4 in Maces & Flails
   183 | D:1      | Reached ** piety under Trog
   536 | D:1      | Reached XP level 3. HP: 33/33 MP: 2/2
  1509 | D:2      | Reached XP level 4. HP: 40/40 MP: 3/3
  1895 | D:2      | Reached skill level 5 in Maces & Flails
  2285 | D:2      | Found a hide-covered altar of Uskayaw.
  2338 | D:3      | Noticed Grinder
  2346 | D:3      | Reached skill level 1 in Stealth
  2350 | D:3      | Paralysed by Grinder for 4 turns
  2365 | D:3      | Paralysed by Grinder for 2 turns
  2367 | D:3      | Slain by Grinder

Skill      XL: |  1  2  3  4 |
---------------+-------------+-----
Maces & Flails | 4 5 |  5.2
Fighting       | 4 |  4.1
Dodging        | 3 |  3.2
Armour         | 3 |  3.2
Stealth        | 1 |  1.0

Action                   |  1- 3 |  4- 6 || total
-------------------------+-------+-------++-------
Melee: Mace              |    75 |    27 ||   102
       Headbutt          |     9 |     3 ||    12
       Dagger            |       |     9 ||     9
Invok: Berserk           |     2 |     1 ||     3
 Stab: Sleeping          |     1 |       ||     1
  Eat: Chunk             |     3 |     3 ||     6
Armor: Animal skin       |    15 |       ||    15
       Ring mail         |    11 |     9 ||    20
Dodge: Dodged            |    59 |    21 ||    80
